 Dungeon Crawl Stone Soup version 0.29.0-13-gc9e81de378 (webtiles) character file.

Game seed: 12283623978671925386

29 inqbanana the Ducker (level 3, 17/17 HPs)
             Began as a Felid Monk on Sept 9, 2022.
             Was a Believer of Nemelex Xobeh.
             Quit the game on level 2 of the Dungeon.
             The game lasted 00:02:20 (1358 turns).

inqbanana the Ducker (Felid Monk)                   Turns: 1358, Time: 00:02:21

Health: 17/17      AC:  1    Str:  7    XL:     3   Next: 1%
Magic:  5/5        EV: 19    Int: 13    God:    Nemelex Xobeh [**....]
Gold:   23         SH:  0    Dex: 18    Spells: 3/3 levels left
                                        Lives:  0   Deaths: 0

rFire   . . .      SeeInvis +     - Unarmed
rCold   . . .      Faith    .   (shield unavailable)
rNeg    . . .      Spirit   .   (body armour unavailable)
rPois   .          Reflect  .   (helmet unavailable)
rElec   .          Harm     .   (cloak unavailable)
rCorr   .          Rampage  .   (gloves unavailable)
Will    .....                   (boots unavailable)
Stlth   ++........              (no amulet)
HPRegen 0.05/turn               (no ring)
MPRegen 0.09/turn               (no ring)

@: quick
A: very small, claws 1, fangs 3, see invisible, speed 1, shaggy fur 1, stealthy
paws, no weapons or thrown items, no armour, multi-lived
a: Renounce Religion, Draw Escape, Draw Destruction, Draw Summoning


You were on level 2 of the Dungeon.
You worshipped Nemelex Xobeh.
Nemelex Xobeh was pleased with you.
You visited 1 branch of the dungeon, and saw 2 of its levels.

You collected 23 gold pieces.

Inventory:

Scrolls
 b - 2 scrolls of fog {unknown}
 d - a scroll of brand weapon {unknown}
 e - a scroll of poison {unknown}
 i - a scroll of enchant weapon {unknown}
 j - a scroll of teleportation {unknown}
Potions
 a - a potion of ambrosia
 c - a potion of lignification {unknown}
 f - a potion of attraction {unknown}
 g - 2 potions of might {unknown}
 h - a potion of magic {unknown}
 k - a potion of heal wounds {unknown}


   Skills:
 + Level 3.3 Fighting
 + Level 4.3 Dodging
 + Level 2.9 Stealth
 * Level 3.3 Unarmed Combat
 * Level 0.9 Spellcasting


You had 3 spell levels left.
You didn't know any spells.
Your spell library was empty.

Dungeon Overview and Level Annotations

Branches:
Dungeon (2/15)

Altars:
Nemelex Xobeh

Shops:
D:1 (


Innate Abilities, Weirdness & Mutations

You have sharp claws.
You have razor-sharp teeth.
You have supernaturally acute eyesight. (SInv)
You cover ground quickly. (Speed+)
You are covered in fur. (AC +1)
Your paws help you pounce on unaware monsters.
You are incapable of wielding weapons or throwing items.
You cannot wear armour.
You gain extra lives every three experience levels.


Message History

j - a scroll labelled HOSOPH ONIOT
Found 12 gold pieces.
A kobold comes into view. It is wielding a +0 dagger.
Found a faded altar of an unknown god.
Things that are here:
12 gold pieces; a blue potion
k - a blue potion You now have 23 gold pieces (gained 12).
A hobgoblin comes into view.
The helpless kobold fails to defend itself.
You claw the kobold!
You kill the kobold!
You see here a +0 dagger.
There is a faded altar of an unknown god here.
You closely miss the hobgoblin. The hobgoblin closely misses you.
You scratch the hobgoblin.
The hobgoblin is moderately wounded.
The hobgoblin closely misses you.
You closely miss the hobgoblin.
You claw the hobgoblin, but do no damage.
The hobgoblin is moderately wounded.
The hobgoblin misses you.
You barely miss the hobgoblin.
The hobgoblin is moderately wounded.
The hobgoblin hits you but does no damage.
You scratch the hobgoblin.
You kill the hobgoblin!
You have reached level 3!
Your experience leads to an increase in your attributes!
Increase (S)trength, (I)ntelligence, or (D)exterity?
You feel clever. x2
There is a faded altar of an unknown god here.
You cannot tell which god this altar belongs to.
Convert to them anyway?
Nemelex Xobeh accepts your prayer! Nemelex Xobeh welcomes you!
Nemelex will now gift you decks of power as you gain piety.
Nemelex Xobeh deals you some cards!
You now have 5 escape cards, 4 destruction cards and 2 summoning cards.
You can now draw from decks of power.
Are you sure you want to abandon this character and quit the game? (Confirm with "yes".)

#### ... #.. ##.##
#8.8# ##.## #8@8#
##)## #8.8# ##.##
### #.# # #.###.#
#.##.##..####.#
#.............#
#########.#..#######


There were no monsters in sight!

Vanquished Creatures
  A dart slug (D:1)
  3 bats (D:1)
  4 endoplasms (D:1)
  3 goblins (D:1)
  4 hobgoblins
  2 jackals (D:2)
  A ball python (D:1)
  A frilled lizard (D:1)
  3 kobolds
  3 rats (D:1)
25 creatures vanquished.

Notes
Turn   | Place    | Note
-------+----------+-------------------------------------------
     0 | D:1      | inqbanana the Felid Monk began the quest for the Orb.
     0 | D:1      | Reached XP level 1. HP: 10/10 MP: 2/2
   377 | D:1      | Found Yshroice's Antique Weapon Shop.
   394 | D:1      | Reached XP level 2. HP: 14/14 MP: 3/3
  1340 | D:2      | Found a faded altar of an unknown god.
  1356 | D:2      | Reached XP level 3. HP: 17/17 MP: 5/5
  1357 | D:2      | Prayed at the altar of an unknown god.
  1357 | D:2      | Became a worshipper of Nemelex Xobeh the Trickster
  1357 | D:2      | Reached * piety under Nemelex Xobeh
  1357 | D:2      | Received a gift from Nemelex Xobeh
  1357 | D:2      | Reached ** piety under Nemelex Xobeh
  1358 | D:2      | Quit the game

Illustrated notes

Levels and vault maps discovered:
D:1:      sevenhm_arrival_forest_fort_small_5, layout_basic, serial_shops, shop,
          serial_rivers, chequers_serial_rivers_room_b,
          chequers_serial_rivers_micro_d, chequers_serial_rivers_small_b,
          chequers_serial_rivers_room_b, chequers_serial_rivers_room_a,
          chequers_serial_rivers_large_b
D:2:      layout_basic, ebering_ecumenical_altar_hall, st_stairs_1

Action                   || total
-------------------------++-------
Melee: Unarmed           ||    55
       Punch             ||     2
       Bite              ||     5
 Stab: Sleeping          ||     9
Armor: Skin              ||     3
Dodge: Dodged            ||    41
